 Dungeon Sprint DCSS version 0.18.1-50-g88ac8fd (webtiles) character file.

452 Kagutsuchi the Fighter (level 6, -3/64 HPs)
             Began as a Draconian Berserker on Oct 21, 2016.
             Was a Follower of Trog.
             Succumbed to a manticore's barbed spikes
             ... in the Dungeon (Sprint II: "The Violet Keep of Menkaure").
             The game lasted 00:02:24 (231 turns).

Kagutsuchi the Fighter (Draconian Berserker)         Turns: 231, Time: 00:02:25

Health: -3/64      AC:  6    Str: 19    XL:     6   Next: 75%
Magic:  6/6        EV: 16    Int:  7    God:    Trog [*.....]
Gold:   100        SH:  0    Dex: 13    Spells: 0 memorised, 5 levels left

rFire  . . .     SeeInvis .     a - +0 falchion
rCold  . . .     Gourm    .     (armour unavailable)
rNeg   . . .     Faith    .     (no shield)
rPois  .         Spirit   .     (helmet restricted)
rElec  .         Dismiss  .     (no cloak)
rCorr  .         Reflect  .     (no gloves)
SustAt .         Harm     .     (no boots)
MR     .....     NoTele   +     (no amulet)
Stlth  +.........               (no ring)
                                (no ring)

@: manticore barbs, not resistant to hostile enchantments, very unstealthy
A: unfitting armour, cold-blooded, AC +6
a: Berserk, Burn Spellbooks, Renounce Religion


You were in the Dungeon.
You worshipped Trog.
Trog was aware of your devotion.
You were full.

You visited 1 branch You collected 243 gold pieces.
You spent 143 gold pieces at shops.

Inventory:

Hand Weapons
 a - a +0 falchion (weapon)
Scrolls
 h - a scroll of blinking
Potions
 c - a potion of curing
 e - a potion of haste
 f - 2 potions of magic
 g - a potion of berserk rage


   Skills:
 + Level 9.6 Fighting
 + Level 9.0 Long Blades
 + Level 8.3 Dodging


You had 5 spell levels left.
You didn't know any spells.

Dungeon Overview and Level Annotations

Branches:
Dungeon (1/1)

Altars:

Shops:
D (*:%?}%==%[:!![(

Annotations:
D exclusions: obsidian statue and oklob plant, Kirke


Innate Abilities, Weirdness & Mutations

Your plain brown scales are hard (AC +6).
Your body does not fit into most forms of armour.
You are cold-blooded and may be slowed by cold attacks.


Message History

* * * LOW HITPOINT WARNING * * *
Unknown command.
Drink which item? (? for menu, Esc to quit)
You feel better.
The yaktaur captain unwields an uncursed arbalest.
The yaktaur captain closely misses you. The manticore closely misses you.
The manticore misses you. The manticore closely misses you.
The barbs in your skin will harm you if you move.
Continue? [Y]es or [N]o only, please.
The barbs in your skin will harm you if you move.
Continue? [Y]es or [N]o only, please.
The barbs in your skin will harm you if you move.
Continue?
Okay, then.
The barbs in your skin will harm you if you move.
Continue?
The barbed spikes dig painfully into your body as you move.
* * * LOW HITPOINT WARNING * * *
Kirke casts a spell.
Kirke summons a lindwurm!
The barbed spikes dig painfully into your body as you move.
You die...

≈§≈≈§≈§≈§## ##
§≈≈8§§§§§# Kz.####
§§§§≈§§ @.cz## §§§§
############≈k#+++#+++##
###########≈≈@(........#
##.......∩#≈≈Hc.##'##..#
##∩.....∩.#≈≈≈≈##.#.## #
##.∩...∩.∩#≈≈@≈#..#..#
##∩.∩.∩.∩.#≈≈####...##
##.∩.∩.∩..#≈## ##†##
##..∩.∩...#≈# ##.##
##...⌠....'≈+ +.<.+
..### ##........#≈#
##.## ....#
#▓▓▓▓▓▓▓###≈## #+#
##..... ##(.J######≈≈###


B#B ###§≈.... #%.D# ##≈≈≈#.. ..#≈§≈≈≈≈≈. You could see Kirke, a yaktaur captain,
a skeletal warrior, a centaur warrior, a manticore and a lindwurm.

Vanquished Creatures
  Menkaure (D)
  4 necrophages (D)
5 creatures vanquished.

Vanquished Creatures (others)
  A crocodile (D)
1 creature vanquished.

Grand Total: 6 creatures vanquished

Notes
Turn   | Place    | Note
--------------------------------------------------------------
     0 | D        | Kagutsuchi the Draconian Berserker began the quest for the Orb.
     0 | D        | Reached XP level 1. HP: 19/19 MP: 1/1
     1 | D        | Noticed a necrophage
     1 | D        | Noticed a necrophage
     1 | D        | Noticed a necrophage
     1 | D        | Noticed a necrophage
     7 | D        | Killed a necrophage
     7 | D        | Reached skill level 5 in Long Blades
     7 | D        | Reached skill level 5 in Dodging
     7 | D        | Reached XP level 2. HP: 26/29 MP: 2/2
     7 | D        | Reached XP level 3. HP: 32/36 MP: 3/3
     7 | D        | Reached XP level 4. HP: 38/43 MP: 4/4
    12 | D        | Killed a necrophage
    12 | D        | Reached XP level 5. HP: 46/51 MP: 5/5
    19 | D        | Killed a necrophage
    31 | D        | Killed a crocodile
    33 | D        | Killed a necrophage
    33 | D        | Reached XP level 6. HP: 10/57 MP: 6/6
    97 | D        | Noticed a boulder beetle
    97 | D        | Noticed a boulder beetle
   106 | D        | Noticed an obsidian statue
   108 | D        | Noticed Menkaure
   111 | D        | Found Defiuluo's Antique Armour Shoppe.
   111 | D        | Found Textiski's Antique Weapon Emporium.
   112 | D        | Found Plog's Distillery.
   112 | D        | Found Inoin's Distillery.
   117 | D        | Killed Menkaure
   119 | D        | Found Itaux's Antique Armour Shoppe.
   119 | D        | Found Iteome's Book Emporium.
   120 | D        | Found Kiloen's Jewellery Shoppe.
   120 | D        | Found Kiuf's Food Emporium.
   121 | D        | Found Hufism's Jewellery Shoppe.
   125 | D        | Found Myossyar's Gadget Emporium.
   125 | D        | Found Neugemur's Food Shoppe.
   125 | D        | Noticed a slime creature
   130 | D        | Found Ysouco's Magic Scroll Emporium.
   130 | D        | Found Pusiw's Food Shoppe.
   130 | D        | Noticed a slime creature
   130 | D        | Noticed a slime creature
   130 | D        | Noticed an oklob plant
   131 | D        | Found Qeriar's General Store.
   131 | D        | Found Moynich's Book Shoppe.
   131 | D        | Found Fedueton's Antique Weapon Emporium.
   132 | D        | Noticed a fire dragon
   140 | D        | Bought a potion of heal wounds for 65 gold pieces
   140 | D        | Bought a potion of curing for 39 gold pieces
   140 | D        | Bought a potion of curing for 39 gold pieces
   222 | D        | Noticed a centaur warrior
   222 | D        | Noticed Kirke
   222 | D        | Noticed a yaktaur captain
   223 | D        | Noticed a skeletal warrior
   224 | D        | Noticed a kobold demonologist
   224 | D        | Noticed a manticore
   225 | D        | HP: 1/64 [manticore/volley of spikes[Kirke] (7)]
   230 | D        | HP: 2/64 [barbs]
   231 | D        | Noticed a lindwurm
   231 | D        | Succumbed to a manticore's barbed spikes

Skill      XL: |  1  2  3  4  5  6 |
---------------+-------------------+-----
Fighting       | 6 7 9 |  9.6
Long Blades    | 5 7 8 9 |  9.0
Dodging        | 5 6 7 8 |  8.3

Action                   |  1- 3 |  4- 6 || total
-------------------------+-------+-------++-------
Melee: Falchion          |     5 |    32 ||    37
       Tailslap          |       |     6 ||     6
Invok: Berserk           |     1 |     1 ||     2
  Use: Potion            |       |     4 ||     4
  Eat: Bread ration      |       |     1 ||     1
Armor: Skin              |       |     9 ||     9
Dodge: Dodged            |       |    18 ||    18
